 Dungeon Crawl Stone Soup version 0.26.0-20-g3ca415f5b8 (webtiles) character file.

Game seed: 11781919900198869316

44 kaeus the Firebug (level 3, -1/19 HPs)
             Began as a Gargoyle Fire Elementalist on Jan 24, 2021.
             Slain by a gnoll
             ... wielding a +0 spear
              (10 damage)
             ... on level 2 of the Dungeon.
             The game lasted 00:01:38 (1569 turns).

kaeus the Firebug (Gargoyle Fire Elementalist)      Turns: 1569, Time: 00:01:38

Health: -1/19      AC:  5    Str: 11    XL:     3   Next: 60%
Magic:  0/6        EV: 12    Int: 16    God:
Gold:   88         SH:  0    Dex: 16    Spells: 5/6 levels left

rFire    . . .     SeeInvis .   e - +4 short sword
rCold    . . .     Faith    .   (no shield)
rNeg     + . .     Spirit   .   a - +0 robe
rPois    ∞         Reflect  .   (no helmet)
rElec    +         Harm     .   (no cloak)
rCorr    .         Rampage  .   (no gloves)
Will     .....                  (no boots)
Stlth    ++........             j - amulet of inaccuracy (curse)
HPRegen  0.06/turn              d - +6 ring of dexterity
MPRegen  0.10/turn              (no ring)

@: no status effects
A: negative energy resistance 1, electricity resistance, unbreathing,
petrification resistance, miasma immunity, AC +3
a: no special abilities


You were on level 2 of the Dungeon.
You visited 1 branch of the dungeon, and saw 2 of its levels.

You collected 88 gold pieces.

Inventory:

Hand Weapons
 c - a +0 dagger of holy wrath
 e - a +4 short sword (weapon)
Armour
 a - a +0 robe (worn)
Jewellery
 d - a +6 ring of dexterity (left hand)
 j - a cursed amulet of inaccuracy (around neck)
Scrolls
 g - a scroll of magic mapping
 h - a scroll of identify
Potions
 b - a potion of haste {unknown}
 f - a potion of degeneration {unknown}
 i - a potion of curing {unknown}
 k - a potion of mutation {unknown}


   Skills:
 - Level 1.5 Dodging
 - Level 2.1 Stealth
 + Level 2.3 Spellcasting
 * Level 2.4 Conjurations
 * Level 3.6 Fire Magic


You had 5 spell levels left.
You knew the following spells:

 Your Spells              Type           Power        Failure   Level
a - Foxfire               Conj/Fire      44%          6%          1

Your spell library contained the following spells:

 Spells                   Type           Power        Failure   Level
 Conjure Flame            Conj/Fire      11%          17%         3
 Inner Flame              Hex/Fire       7%           28%         3
 Sticky Flame             Conj/Fire      11%          50%         4
 Fireball                 Conj/Fire      5%           85%         5


Dungeon Overview and Level Annotations

Branches:
Dungeon (2/15)

Altars:


Innate Abilities, Weirdness & Mutations

You are resistant to torment.
Your stone body is resilient. (AC +3)
You are immune to poison.
You resist negative energy. (rN+)
You are resistant to electric shocks. (rElec)
You can survive without breathing.
You are immune to petrification.
You are immune to miasma.


Message History

The gnoll is severely wounded.
The gnoll closely misses you.
There are monsters nearby!
You now have 0/6 mp.
Your foxfire dissipates!
The gnoll hits you from afar with a +0 spear!
There are monsters nearby!
You take 6 damage, and have 9/19 hp.
MASSIVE DAMAGE!!
You are too injured to fight recklessly!
There are monsters nearby!
You are too injured to fight recklessly!
There are monsters nearby!
You are too injured to fight recklessly!
There are monsters nearby!
You are too injured to fight recklessly!
There are monsters nearby!
Your foxfire dissipates!
The gnoll hits you from afar with a +0 spear!
Ouch! That really hurt!
You die...

#### ...# #..
.(. #g### #
#.g# .#.#.#
#.##@# #.##§#
##.##§#
#.....#
#..####
#..#######
#†........
#.######## .#
#.#########.#


You could see 2 gnolls.

Vanquished Creatures
  2 dart slugs (D:1)
  2 leopard geckos (D:1)
  6 bats
  A giant cockroach (D:1)
  4 hobgoblins (D:1)
  2 frilled lizards (D:1)
  4 goblins (D:1)
  7 kobolds (D:1)
  8 rats (D:1)
36 creatures vanquished.

Vanquished Creatures (others)
  81 foxfires
81 creatures vanquished.

Grand Total: 117 creatures vanquished

Notes
Turn   | Place    | Note
-------+----------+-------------------------------------------
     0 | D:1      | kaeus the Gargoyle Fire Elementalist began the quest for
                  | the Orb.
     0 | D:1      | Reached XP level 1. HP: 10/10 MP: 3/3
   203 | D:1      | Reached XP level 2. HP: 12/15 MP: 1/5
   738 | D:1      | Reached XP level 3. HP: 19/19 MP: 1/6
  1569 | D:2      | Slain by a gnoll

Illustrated notes

Levels and vault maps discovered:
D:1:      dpeg_arrival_rhombus, layout_loops_ring
D:2:      minmay_door_path, layout_loops_ring, corexii_leaking_fountain,
          nicolae_qazlal_general_emergency

Skill      XL: |  1  2 |
---------------+-------+-----
Conjurations   | 2 |  2.4
Dodging        | |  1.5
Stealth        | |  2.1
Spellcasting   | |  2.3
Fire Magic     | |  3.6

Action                   || total
-------------------------++-------
Melee: Short sword       ||    27
       Dagger            ||    12
       Unarmed           ||     2
 Cast: Foxfire           ||    87
  Use: Scroll            ||     1
Armor: Robe              ||    10
Dodge: Dodged            ||    23
